 Dungeon Crawl Stone Soup version 0.21-a0-434-g806c6c2 (webtiles) character file.

389 slep the Covered (level 7, -2/42 HPs)
             Began as a Kobold Wanderer on Nov 9, 2017.
             Slain by an iguana (5 damage)
             ... on level 4 of the Dungeon.
             The game lasted 00:15:55 (3150 turns).

slep the Covered (Kobold Wanderer)                  Turns: 3150, Time: 00:15:55

Health: -2/42      AC: 10    Str:  9    XL:     7   Next: 7%
Magic:  7/7        EV: 16    Int: 13    God:
Gold:   178        SH:  0    Dex: 22    Spells: 6/6 levels left

rFire    . . .     SeeInvis .   p - +0 dagger (curse)
rCold    . . .     Gourm    .   (shield restricted)
rNeg     . . .     Faith    .   a - +2 scale mail
rPois    .         Spirit   .   (no helmet)
rElec    .         Reflect  .   (no cloak)
rCorr    .         Harm     .   j - +0 pair of gloves
MR       .....                  (no boots)
Stlth    ++........             w - amulet of rage
HPRegen  0.14/turn              d - +6 ring of slaying
MPRegen  0.10/turn              (no ring)

@: agile
A: carnivore 3
a: Evoke Berserk Rage


You were on level 4 of the Dungeon.
You were very full.

You visited 1 branch of the dungeon, and saw 4 of its levels.
You also visited: Sewer.

You collected 178 gold pieces.

Inventory:

Hand Weapons
 b - a +0 shortbow
 p - a cursed +0 dagger (weapon)
 s - a +0 dagger of draining
Missiles
 c - 29 arrows
 q - 51 stones (quivered)
Armour
 a - a +2 scale mail (worn)
 j - a +0 pair of gloves (worn)
 u - a +0 troll leather armour {Purgy}
Jewellery
 d - a +6 ring of slaying (left hand)
 w - an amulet of rage (around neck)
Wands
 l - a wand of lightning (9/15)
 r - a wand of paralysis (8/24)
Scrolls
 e - a scroll of teleportation {unknown}
 h - a scroll of blinking {unknown}
 i - 3 scrolls of amnesia {unknown}
 k - 6 scrolls of identify {unknown}
 m - a scroll of enchant weapon {unknown}
 o - 2 scrolls of immolation {unknown}
 x - a scroll of noise {unknown}
 y - a scroll of random uselessness {unknown}
Potions
 g - a potion of berserk rage
 n - a potion of agility
 v - 2 potions of curing
 z - a potion of haste {unknown}
 A - a potion of flight
Comestibles
 f - 2 meat rations
 t - 2 royal jellies


   Skills:
 + Level 3.8 Fighting
 + Level 4.0 Short Blades
 + Level 3.0 Bows
   Level 1.2 Crossbows
 + Level 1.1 Throwing
 + Level 4.6 Armour
 + Level 2.1 Dodging
 + Level 2.1 Stealth
   Level 1.0 Shields


You had 6 spell levels left.
You didn't know any spells.

Dungeon Overview and Level Annotations

Branches:
Dungeon (4/15)
 Temple: D:4-7

Altars:
Ashenzari
Elyvilon
Ru
Uskayaw


Innate Abilities, Weirdness & Mutations

You are small and have problems with some larger weapons.
You are carnivorous and can eat meat at any time.


Message History

The gnoll is severely wounded.
You hit the gnoll.
You kill the gnoll!
Your Throwing skill increases to level 1!
You hit the gnoll.
The gnoll is moderately wounded.
The gnoll closely misses you.
You hit the gnoll.
The gnoll is severely wounded.
The gnoll closely misses you.
You puncture the gnoll!
You kill the gnoll!
You hit the iguana.
The iguana is moderately wounded.
The iguana bites you!
* * * LOW HITPOINT WARNING * * *
You hit the iguana.
The iguana is moderately wounded.
The iguana bites you.
You die...

######
.#...#.
###..._...
#.........
.........
###._..⌠.._
#@ll.......
####)......
..._...
##....#
.?... ....
... .l?


You could see an iguana and a frilled lizard.

Vanquished Creatures
  Purgy (Sewer)
  A scorpion (D:4)
  A howler monkey (D:4)
  A hound (D:2)
  A worker ant (D:4)
  2 adders (D:2)
  4 gnolls (D:4)
  A river rat (D:3)
  An ooze (D:2)
  5 leopard geckos
  6 orcs (D:3)
  13 bats
  6 giant cockroaches
  9 goblins
  4 hobgoblins
  A quokka (D:2)
  4 ball pythons
  2 frilled lizards
  8 kobolds
  5 rats
76 creatures vanquished.

Notes
Turn   | Place    | Note
-------+----------+-------------------------------------------
     0 | D:1      | slep the Kobold Wanderer began the quest for the Orb.
     0 | D:1      | slep set off with: a +2 scale mail, a +0 shortbow, 26 arrows, a potion of lignification, a meat ration
     0 | D:1      | Reached XP level 1. HP: 12/12 MP: 1/1
   131 | D:1      | Reached skill level 1 in Bows
   136 | D:1      | Reached XP level 2. HP: 17/17 MP: 2/2
   467 | D:1      | Reached XP level 3. HP: 9/21 MP: 3/3
  1235 | D:2      | Reached XP level 4. HP: 8/27 MP: 4/4
  1480 | D:2      | HP: 2/40 [poisoned by an adder]
  1486 | D:2      | HP: 1/40 [poisoned by an adder]
  1822 | D:2      | Reached skill level 1 in Short Blades
  1854 | D:2      | Reached XP level 5. HP: 2/31 MP: 5/5
  1979 | D:3      | Reached skill level 1 in Dodging
  2108 | D:3      | Found a glowing drain.
  2147 | Sewer    | Entered a sewer
  2229 | Sewer    | Noticed Purgy
  2258 | Sewer    | Killed Purgy
  2258 | Sewer    | Reached XP level 6. HP: 11/37 MP: 6/6
  3098 | D:4      | Found a sacrificial altar of Ru.
  3098 | D:4      | Found a white marble altar of Elyvilon.
  3098 | D:4      | Found a hide-covered altar of Uskayaw.
  3100 | D:4      | Found a shattered altar of Ashenzari.
  3142 | D:4      | Reached XP level 7. HP: 12/42 MP: 7/7
  3145 | D:4      | Reached skill level 1 in Throwing
  3150 | D:4      | Slain by an iguana

Vault maps used:
D:1:      minmay_arrival_wavy_path, lemuel_old_faithful
D:3:      cheibrodos_sewer_entry_sluice, minmay_tree_intersection
D:4:      kennysheep_little_box, grunt_temple_overflow_open, first_bread,
          serial_shops, nicolae_shop_crystal
Sewer:    sewer_big_baddie

Skill      XL: |  1  2  3  4  5  6  7 |
---------------+----------------------+-----
Bows           | 1 2 3 |  3.0
Short Blades   | 1 3 4 |  4.0
Dodging        | 1 2 |  2.1
Fighting       | 3 |  3.8
Stealth        | 2 |  2.1
Throwing       | 1 |  1.1
Crossbows      | |  1.2
Armour         | |  4.6
Shields        | |  1.0

Action                   |  1- 3 |  4- 6 |  7- 9 || total
-------------------------+-------+-------+-------++-------
Melee: Shortbow          |    25 |       |       ||    25
       Dagger            |    59 |   283 |     8 ||   350
 Fire: Shortbow          |    89 |       |       ||    89
Throw: Stone             |       |    27 |       ||    27
Evoke: Wand              |       |     1 |       ||     1
  Use: Potion            |       |     7 |       ||     7
 Stab: Paralysed         |       |     1 |       ||     1
  Eat: Chunk             |     2 |    12 |       ||    14
Armor: Scale mail        |    78 |   160 |       ||   238
       Skin              |       |     2 |       ||     2
Dodge: Dodged            |    72 |   164 |     3 ||   239

Table legend:
 A = Spawn XP
 B = Non-spawn XP
 C = Spawn XP percentage of total XP
 D = Spawn monster count
 E = Non-spawn monster count
 F = Spawn count percentage of total count
 G = Total turns spent on level
                    A         B        C        D         E        F      G
               +---------+---------+-------+---------+---------+-------+---------
         Total |       0 |     556 |   0.0 |       0 |      76 |   0.0 |  3150
               +---------+---------+-------+---------+---------+-------+---------
           D:1 |       0 |      37 |   0.0 |       0 |      21 |   0.0 |   954
           D:2 |       0 |     104 |   0.0 |       0 |      20 |   0.0 |  1007
           D:3 |       0 |      54 |   0.0 |       0 |      20 |   0.0 |   744
           D:4 |       0 |     219 |   0.0 |       0 |       9 |   0.0 |    52
         Sewer |       0 |     142 |   0.0 |       0 |       6 |   0.0 |   393
               +---------+---------+-------+---------+---------+-------+---------
